Map: Inside and Out

Players

IIIIIIIIII - Winner!

  • Race: Terran Terran
  • League: Gold
  • Spawn Location: 7:00

MattBarry

  • Race: Zerg Zerg
  • League: Gold
  • Spawn Location: 1:00

VOD

Have the link to the VOD?

Description

Time

  • Played on: Jan. 21, 2023, 6:42 a.m.
  • Length: 10:14
Show
View Real Time Build Order
Export as new Build Order

IIIIIIIIII Terran - Winner!

Build Orders:  

Get SALT Encoding   

  12  0:03  SCV  
  13  0:15  SCV  
  13  0:18  Supply Depot  
  14  0:27  SCV  
  15  0:39  SCV  
  15  0:41  Barracks  
  16  0:50  Supply Depot  
  16  1:04  Barracks  
  16  1:06  SCV  
  16  1:07  Refinery  
  17  1:18  SCV  
  18  1:30  SCV  
  19  1:35  Marine  
  19  1:37  Barracks  
  20  1:42  SCV  
  21  1:55  SCV  
  21  1:58  Barracks Tech Lab  
  23  2:05  Marine  
  23  2:09  Orbital Command  
  23  2:23  Marine  
  23  2:27  Barracks Reactor  
  23  2:28  Marine  
  25  2:30  Barracks  
  25  2:38  SCV  
  25  2:41  Marine  
  25  2:42  Engineering Bay  
  27  2:44  Refinery  
  27  2:46  Marine  
  27  2:48  Combat Shield  
  28  2:58  Marine  
  28  3:04  Marine x2  
  31  3:18  Supply Depot x2  
  31  3:39  Marine x4  
  35  3:42  Command Center  
  35  3:44  Bunker  
  35  3:48  Marine  
  36  3:57  Marine  
  37  4:03  Supply Depot  
  37  4:05  Marine x3  
  37  4:07  Marine  
  41  4:23  Stimpack  
  41  4:24  Terran Infantry Weapons Level 1  
  41  4:45  Marine x2  
  41  4:46  Marine x3  
  46  5:03  Marine x3  
  46  5:04  Marine  
  50  5:22  Orbital Command, Marine x5  
  54  5:40  Marine x4  
  58  6:09  Marine x5  
  63  6:27  Marine x5  
  68  6:45  Marine x2  
  70  6:50  Marine x3  
  73  7:03  Marine x2  
  75  7:08  Marine x3  
  78  7:21  Marine x2  
  80  7:26  Marine x3  
  83  7:38  Marine  
  84  9:27  Command Center  
  84  9:36  Command Center x2  
  84  9:45  Command Center  
Show
View Real Time Build Order
Export as new Build Order

MattBarry Zerg 

Build Orders:  

Get SALT Encoding   

  3  5:16  Hatchery  
  3  5:19  Hatchery  
  1  5:33  Hatchery  
    6:29  Drone  
  1  6:35  Drone  
  2  6:40  Drone  
  3  6:48  Drone  
  3  6:52  Drone  
  5  6:56  Drone  
  6  7:06  Drone x2  
  6  7:07  Hatchery  
  7  7:16  Extractor  
  5  7:28  Drone x2  
  7  7:51  Hatchery  
  6  8:00  Extractor  
  6  8:01  Drone  
  6  8:02  Drone x5  
  10  8:10  Hatchery  
  3  8:23  Drone  
  3  8:27  Drone x2  
  4  8:35  Drone  
  5  8:44  Extractor  
  2  8:49  Drone x2  
  2  8:50  Extractor  
  2  8:56  Drone  
  3  9:09  Drone  
  4  9:18  Drone  
  5  9:26  Drone  
  3  9:39  Hatchery  
Tags
 
League
GoldGold
Matchup
TvZ
Replay Pack
Multiplayer
Spawn Locations
Cross Positions
Add a new tag
Caveats
  • Supply blocks, unpowered buildings, or Contaminate may cause inaccurate times.
  • Supply counts are checked every 10 seconds.